AoeStats
← Asterix

Migration

505750085Analyzed
1v1 RM · 22d ago on Sep 10, 2026· 38m 19s· 2 players
Game mode
Random Map
Map size
132×132
Population
200
Speed
Normal
Resources
Standard
Victory
Conquest
Starting age
Dark Age
Ending age
Imperial Age
RankedLock teamsTeams togetherTeam positionsShared explorationLock speedFull tech treeHidden civsTurbo modeCheats
Victory
Defeat
🇨🇦 Maya · Canada
942
+15
🇹🇷 Berbers · Türkiye
923
-15
Asterix
2:45 Loom
11:18 Feudal Age
11:44 Double-Bit Axe
11:42 Horse Collar
17:15 Castle Age
15:37 Stone Mining
15:41 Fishing Lines
18:31 Gillnets
19:19 Wheelbarrow
18:57 Bow Saw
19:27 Medium Warships
20:17 Fletching
22:12 Heavy Plow
22:17 Squires
24:08 Wheelbarrow
24:57 Bodkin Arrow
26:59 Ballistics
34:07 Imperial Age
34:40 Siphons
34:52 Clinker Construction
34:56 Careening
35:47 Scale Barding Armor
35:57 Forging
36:10 Husbandry
37:25 Conscription
36:31 Light Cavalry
37:44 Bloodlines
tboss
0:34 Loom
11:46 Feudal Age
12:14 Double-Bit Axe
14:39 Fishing Lines
17:20 Castle Age
18:12 Bow Saw
19:45 Gillnets
21:13 Horse Collar
22:48 Medium Warships
23:09 Gold Mining
23:45 Fletching
23:46 Town Watch
24:37 Wheelbarrow
25:18 Clinker Construction
25:29 Careening
26:50 Bodkin Arrow
26:52 Murder Holes
27:18 Ballistics
29:22 Hand Cart
33:08 Imperial Age
31:06 Thumb Ring
31:27 Padded Archer Armor
32:15 Demolition Ship
34:09 Bracer
35:12 Chemistry
35:13 Hoardings
34:59 Conscription
36:10 Heavy Warships
35:05 Heavy Demolition Ship
36:16 Leather Archer Armor
37:43 Ring Archer Armor
36:52 Elite Plumed Archer
38:04 Clinker Construction
Connection lost

Rejoining the realm…

Still unreachable

The connection could not be restored.

Session expired

The server has moved on; the page needs a fresh start.